 Dungeon Crawl Stone Soup version 0.19.5 (webtiles) character file.

95 Gargoyl the Skirmisher (level 4, 0/40 HPs)
             Began as a Ghoul Abyssal Knight on Apr 2, 2017.
             Was a Believer of Lugonu.
             Slain by Natasha (5 damage)
             ... on level 2 of the Dungeon.
             The game lasted 00:04:51 (1343 turns).

Gargoyl the Skirmisher (Ghoul Abyssal Knight)       Turns: 1343, Time: 00:04:53

Health: 0/40       AC:  4    Str: 17    XL:     4   Next: 65%
Magic:  5/5        EV: 11    Int:  7    God:    Lugonu [**....]
Gold:   50         SH:  0    Dex:  9    Spells: 0 memorised, 3 levels left

rFire  . . .     SeeInvis .     h - +3 great sword (slice)
rCold  + . .     Gourm    .     b - +1 leather armour
rNeg   + + +     Faith    .     (shield currently unavailable)
rPois  ∞         Spirit   .     (no helmet)
rElec  .         Reflect  .     (no cloak)
rCorr  .         Harm     .     (no gloves)
MR     .....                    (no boots)
Stlth  +.........               (no amulet)
                                (no ring)
                                p - +2 ring of strength

@: rotting
A: rotting body, claws 1, carnivore 3, cold resistance 1, negative energy
resistance 3, slow regeneration 1, torment resistance, unbreathing
a: Depart the Abyss, Bend Space, Renounce Religion


You were on level 2 of the Dungeon.
You worshipped Lugonu.
Lugonu was pleased with you.
You were not hungry.

You visited 1 branch of the dungeon, and saw 2 of its levels.
You visited the Abyss 1 time.

You collected 50 gold pieces.

Inventory:

Hand Weapons
 a - a +2 hand axe
 h - a +3 great sword of slicing (weapon)
Missiles
 t - 3 tomahawks (quivered)
Armour
 b - a +1 leather armour (worn)
 e - a +0 shield
Jewellery
 p - a +2 ring of strength (left claw)
 r - an uncursed ring of wizardry {unknown}
Scrolls
 d - 2 scrolls of remove curse
 l - a scroll of amnesia
 m - 2 scrolls of identify
 n - a scroll of recharging
 s - a scroll of fear {unknown}
Potions
 f - a potion of brilliance {unknown}
 i - a potion of curing {unknown}
 j - a potion of beneficial mutation {unknown}
 q - a potion of heal wounds {unknown}
 u - a potion of haste {unknown}
Comestibles
 c - 2 meat rations
 g - a slice of pizza
 k - 2 beef jerkies
 o - 13 chunks of flesh


   Skills:
 + Level 3.9 Fighting
 + Level 1.7 Long Blades
 * Level 2.1 Axes
 * Level 2.4 Armour
 + Level 1.1 Dodging
 * Level 2.7 Invocations


You had 3 spell levels left.
You didn't know any spells.

Dungeon Overview and Level Annotations

Branches:
Dungeon (2/15)

Altars:

Annotations:
D:2 Natasha


Innate Abilities, Weirdness & Mutations

Your body is rotting away.
You thrive on raw meat.
You are immune to poison.
You have sharp fingernails.
You are carnivorous and can eat meat at any time.
Your flesh is cold resistant. (rC+)
You are immune to negative energy. (rN+++)
You regenerate slowly when monsters are visible.
You are immune to unholy pain and torment.
You can survive without breathing.


Message History

The white imp hits you but does no damage.
Natasha claws you!
You closely miss Natasha.
The rat twitches its whiskers.
The white imp completely misses you. Natasha claws you!
* * * LOW HITPOINT WARNING * * *
You barely miss Natasha. The white imp gestures at you.
The puff of frost hits you! You resist.
* * * LOW HITPOINT WARNING * * *
Natasha claws you but does no damage. The white imp barely misses you.
Natasha misses you.
You riposte.
You slash Natasha!
Natasha is severely wounded.
You completely miss Natasha.
Natasha is severely wounded.
The white imp disappears in a puff of smoke!
Natasha claws you.
* * * LOW HITPOINT WARNING * * *
Natasha claws you.
You die...

..............#.....÷..>......#.#
.#.##.###.......................#
...##...........................#
..#####.........................#
......##.###.#..................#
##..#.....##.#.................##
###.....>.##.#.##...............#
..####.#.......###...###........#
....##)#.......r@..### #........#
....#.÷..##....h#### #.......##
....#.#.###.....# #.......#
......#.# #....... #.#....##
........##......... #.#.....#
........#..#.......$ #........#
..........#...)##.#. #........#
........###.#.# #........#
8.....8.....#.# .#


You could see Natasha and a rat.

Vanquished Creatures
  Natasha (D:2)
  An adder (D:2)
  An ooze (D:1)
  2 worms (D:2)
  2 dart slugs (D:1)
  2 leopard geckos
  6 bats
  2 giant cockroaches
  3 goblins
  7 hobgoblins
  2 jackals (D:1)
  A quokka (D:2)
  2 frilled lizards (D:2)
  7 kobolds
  6 rats
45 creatures vanquished.

Notes
Turn   | Place    | Note
-------+----------+-------------------------------------------
     0 | Abyss:1  | Gargoyl the Ghoul Abyssal Knight began the quest for the Orb.
     0 | Abyss:1  | Reached XP level 1. HP: 19/19 MP: 1/1
    65 | Abyss:3  | Found a corrupted altar of Lugonu.
    99 | Abyss:3  | Noticed a dire elephant zombie
    99 | Abyss:3  | Noticed an ancient lich
   104 | D:1      | Escaped the Abyss
   224 | D:1      | Reached skill level 1 in Dodging
   231 | D:1      | Reached XP level 2. HP: 22/25 MP: 2/2
   246 | D:1      | Reached * piety under Lugonu
   716 | D:1      | Reached XP level 3. HP: 27/33 MP: 3/3
  1010 | D:1      | Reached skill level 1 in Long Blades
  1146 | D:2      | Reached XP level 4. HP: 34/39 MP: 4/4
  1191 | D:2      | Reached ** piety under Lugonu
  1312 | D:2      | Noticed Natasha
  1319 | D:2      | Killed Natasha
  1335 | D:2      | Noticed Natasha
  1343 | D:2      | Slain by Natasha

Skill      XL: |  1  2  3 |
---------------+----------+-----
Armour         | 2 |  2.4
Dodging        | 1 |  1.1
Long Blades    | 1 |  1.7
Axes           | 2 |  2.1
Fighting       | |  3.9
Invocations    | |  2.7

Action                   |  1- 3 |  4- 6 || total
-------------------------+-------+-------++-------
Melee: Great sword       |    69 |    21 ||    90
Invok: Depart the Abyss  |     1 |       ||     1
  Use: Scroll            |    10 |     1 ||    11
  Eat: Chunk             |    13 |     8 ||    21
Armor: Leather armour    |    36 |     7 ||    43
Dodge: Dodged            |    74 |    21 ||    95
       Rpst.: Great sword |    24 |     5 ||    29
